 Dungeon Crawl Stone Soup version 0.23.2-1-ga50397a (webtiles) character file.

Game seed: 15331937944304314715

1110 MalarOregon the Chiller (level 8, -1/52 HPs)
             Began as a Merfolk Ice Elementalist on May 25, 2019.
             Was an Initiate of Dithmenos.
             Slain by an orc warrior
             ... wielding a +0 long sword
              (24 damage)
             ... on level 5 of the Dungeon.
             The game lasted 00:16:18 (7955 turns).

MalarOregon the Chiller (Merfolk Ice Elementalist)  Turns: 7955, Time: 00:16:19

Health: -1/52      AC:  6    Str: 13    XL:     8   Next: 33%
Magic:  16/16      EV: 12    Int: 16    God:    Dithmenos [......]
Gold:   208        SH:  0    Dex: 15    Spells: 3/17 levels left

rFire    . . .     SeeInvis .   v - +8 short sword "Femnumer" {flame, rPois}
rCold    . . .     Gourm    .   (no shield)
rNeg     . . .     Faith    .   a - +0 robe
rPois    +         Spirit   .   (no helmet)
rElec    .         Reflect  .   s - +2 cloak
rCorr    .         Harm     .   c - +0 pair of gloves
MR       .....     Rnd*Tele +   (no boots)
Stlth    ++........             (no amulet)
HPRegen  0.17/turn              m - +5 ring of strength
MPRegen  0.15/turn              p - ring of teleportation (curse)

@: heavily drained
A: change form in water, swift swim, stealthy swim
a: Renounce Religion


You were on level 5 of the Dungeon.
You worshipped Dithmenos.
Dithmenos was noncommittal.
You were not hungry.

You visited 2 branches of the dungeon, and saw 6 of its levels.

You collected 208 gold pieces.

Inventory:

Hand Weapons
 o - a +1 dagger of holy wrath
   (You found it on level 2 of the Dungeon)
 v - the +8 short sword "Femnumer" (weapon) {flame, rPois}
   (You found it on level 5 of the Dungeon)

   It has been specially enchanted to burn those struck by it, causing extra
   injury to most foes and up to half again as much damage against particularly
   susceptible opponents.
   It protects you from poison.
Armour
 a - a +0 robe (worn)
 c - a +0 pair of gloves (worn)
   (You found it on level 3 of the Dungeon)
 k - a +0 shield
   (You took it off a wight on level 4 of the Dungeon)
 s - a +2 cloak (worn)
   (You found it on level 4 of the Dungeon)
Jewellery
 m - a +5 ring of strength (left hand)
   (You found it on level 2 of the Dungeon)
 n - an uncursed ring of stealth
   (You found it on level 2 of the Dungeon)
 p - a cursed ring of teleportation (right hand)
   (You found it on level 3 of the Dungeon)
 r - an uncursed ring of magical power
   (You found it on level 3 of the Dungeon)
Wands
 d - a wand of iceblast (10)
   (You found it on level 3 of the Dungeon)
Scrolls
 i - 2 scrolls of identify {@r1}
 q - a scroll of fog
 t - a scroll of amnesia {unknown}
 w - a scroll of remove curse {@r2}
Potions
 b - 2 potions of lignification {unknown}
 f - 4 potions of heal wounds {@q2}
 g - a potion of curing {unknown}
 h - 2 potions of haste {@q3}
 j - 2 potions of mutation {unknown}
 l - a potion of brilliance {unknown}
 u - a potion of experience {unknown}
Comestibles
 e - 10 rations {!d}


   Skills:
 - Level 3.0(1.4) Dodging
 + Level 4.3(2.8) Stealth
 + Level 5.4(3.8) Spellcasting
 + Level 4.2(2.7) Conjurations
 - Level 6.0(4.4) Ice Magic


You had 3 spell levels left.
You knew the following spells:

 Your Spells              Type           Power        Failure   Level  Hunger
a - Freeze                Ice            ###.         2%          1    None
c - Throw Icicle          Conj/Ice       ##......     36%         4    ####...
d - Summon Ice Beast      Ice/Summ       ##......     56%         4    ####...
f - Mephitic Cloud        Conj/Pois/Air  #.......     34%         3    ###....
x - Throw Frost           Conj/Ice       ##....       6%          2    ##.....

Your spell library contained the following spells:

 Spells                   Type           Power        Failure   Level  Hunger
 Sting                    Conj/Pois      #...         10%         1    None
 Ozocubu's Armour         Chrm/Ice       ##......     22%         3    ###....
 Poisonous Vapours        Pois/Air       #.....       26%         2    ##.....
 Olgreb's Toxic Radiance  Pois           #.......     86%         4    ####...
 Venom Bolt               Conj/Pois      #.........   95%         5    ######.


Dungeon Overview and Level Annotations

Branches:
Dungeon (5/15)             Temple (1/1) D:4

Altars:
Ashenzari
Cheibriados
Dithmenos
Elyvilon
Fedhas
Hepliaklqana
Kikubaaqudgha
Nemelex Xobeh
Qazlal
Ru
Sif Muna
Trog
Uskayaw
Wu Jian
Xom
Yredelemnul
Lugonu


Message History

You hit the wight but do no damage. The wight misses you.
You hit the wight. You burn the wight. The wight completely misses you.
You puncture the wight! You burn the wight.
The wight hits you with a +0 quarterstaff.
You hit the wight but do no damage.
You are near starving!
The wight hits you but does no damage.
You hit the wight. You burn the wight.
You destroy the wight!
Dithmenos accepts your kill.
Things that are here:
a +0 quarterstaff; a +0 ring mail There isn't anything to butcher here.
You start resting.
You start resting.
You swing at nothing.
You swing at nothing.
An orc warrior comes into view. It is wielding a +0 long sword.
An orc warrior is nearby!
A wight comes into view. It is wielding a +0 long sword.
Found 20 arrows.
Found a +0 falchion.
The orc warrior shouts!
You hit the wight but do no damage.
The wight hits you with a +0 long sword.
Things that are here:
a +0 shield; a +0 ring mail; a +0 falchion You hit the wight.
You burn the wight. The wight closely misses you.
You hit the wight. You burn the wight.
The wight hits you with a +0 long sword.
You hit the wight. You burn the wight.
You destroy the wight!
Dithmenos accepts your kill.
Here: an orc warrior, wielding a +0 long sword, wearing a +0 chain mail and wearing a +0 shield A +0 long sword.
There is something else lying underneath.
The floor.
You hit the orc warrior. You burn the orc warrior.
The orc warrior barely misses you. The orc warrior blocks your attack.
The orc warrior hits you with a +0 long sword!
You hit the orc warrior. You burn the orc warrior.
The orc warrior hits you with a +0 long sword.
You hit the orc warrior. You burn the orc warrior.
The orc warrior hits you with a +0 long sword!
* * * LOW HITPOINT WARNING * * *
You are starving!
You eat one of the 11 rations {!d}.
That ration really hit the spot!
The orc warrior hits you with a +0 long sword!!
You die...

....#<.#..........##.............
#####.##..........##.....[.......
###...#######...####.............
......#######...####.............
.>..........'...'..#.............
#.##...######...##..######.......
#.##...# #######.# #.......
#.##...############.######.......
#......'........@o.....).........
.......#############.####........
#.#....## ##########....#.#'####.
#.#.....###.............#.#.# #.
#.#......##.............#.#.####.
#.#.#....##...............#......
#.#.##...##...............#######
..#....................#..#######
....##...............#.#.........


You could see an orc warrior.

Vanquished Creatures
  The ghost of Killmatronix the Caller, an amateur MiSu of Okawaru (D:3)
  3 ogres (D:4)
  Blork the orc (D:4)
  4 wights
  A howler monkey (D:3)
  A centaur zombie (D:5)
  2 hounds
  2 bullfrog skeletons
  Natasha (thrice) (D:4)
  4 worker ants
  9 adders
  2 oozes
  An adder zombie (D:5)
  2 worms
  A dart slug (D:4)
  3 leopard geckos
  An orc (D:3)
  3 giant cockroaches
  14 goblins
  16 hobgoblins
  8 jackals
  A quokka (D:3)
  A ball python (D:1)
  5 bats
  5 frilled lizards
  7 kobolds
  6 rats
107 creatures vanquished.

Notes
Turn   | Place    | Note
-------+----------+-------------------------------------------
     0 | D:1      | MalarOregon the Merfolk Ice Elementalist began the quest
                  | for the Orb.
     0 | D:1      | Reached XP level 1. HP: 13/13 MP: 3/3
   142 | D:1      | Reached XP level 2. HP: 12/19 MP: 0/5
   713 | D:1      | Reached XP level 3. HP: 24/24 MP: 4/6
  1018 | D:2      | Learned a level 2 spell: Throw Frost
  1053 | D:2      | Reached skill level 1 in Conjurations
  1284 | D:2      | Reached skill level 4 in Ice Magic
  1347 | D:2      | Found an ornate altar of the Wu Jian Council.
  1362 | D:2      | Reached XP level 4. HP: 23/30 MP: 1/8
  1678 | D:2      | Got a jewelled leather armour
  1736 | D:2      | Identified the +1 leather armour "Aturadghu" {Str+4 Int-4
                  | Dex+4} (You found it on level 2 of the Dungeon)
  1791 | D:2      | Found a deep blue altar of Sif Muna.
  1859 | D:2      | Found an ancient bone altar of Kikubaaqudgha.
  2233 | D:2      | Found a stormy altar of Qazlal.
  2253 | D:2      | Reached XP level 5. HP: 31/35 MP: 9/9
  2809 | D:3      | Found a basalt altar of Yredelemnul.
  3045 | D:3      | Noticed a +0 dagger
  3047 | D:3      | Found a hide-covered altar of Uskayaw.
  3047 | D:3      | Noticed a +0 hand axe
  3156 | D:3      | Found a runed translucent door.
  3178 | D:3      | Noticed Killmatronix's ghost (amateur MiSu)
  3289 | D:3      | Found a blossoming altar of Fedhas.
  3424 | D:3      | Killed Killmatronix's ghost
  3424 | D:3      | Reached XP level 6. HP: 8/41 MP: 0/11
  3716 | D:4      | Reached skill level 5 in Ice Magic
  3808 | D:4      | Learned a level 4 spell: Throw Icicle
  3813 | D:4      | Learned a level 4 spell: Summon Ice Beast
  3816 | D:4      | Noticed Natasha
  4230 | D:4      | Reached XP level 7. HP: 31/46 MP: 4/13
  4585 | D:4      | Found a blossoming altar of Fedhas.
  4630 | D:4      | Noticed Blork the orc
  4641 | D:4      | Killed Blork the orc
  4760 | D:4      | Found a staircase to the Ecumenical Temple.
  4800 | Temple   | Entered the Ecumenical Temple
  4851 | Temple   | Became a worshipper of Dithmenos the Shadowed
  4882 | D:4      | Killed Natasha
  4920 | D:4      | Noticed Natasha
  4924 | D:4      | Killed Natasha
  5295 | D:4      | Found a blossoming altar of Fedhas.
  5325 | D:4      | Reached skill level 6 in Ice Magic
  5387 | D:4      | Noticed Natasha
  5391 | D:4      | Killed Natasha
  5518 | D:5      | Entered Level 5 of the Dungeon
  6172 | D:4      | Reached skill level 5 in Spellcasting
  6563 | D:5      | Reached XP level 8. HP: 32/52 MP: 12/15
  7164 | D:5      | Learned a level 3 spell: Mephitic Cloud
  7194 | D:5      | HP: 2/52 [ogre/+0 giant club (23)]
  7739 | D:5      | Got a transparent short sword
  7740 | D:5      | Identified the +8 short sword "Femnumer" {flame, rPois}
                  | (You found it on level 5 of the Dungeon)
  7955 | D:5      | Slain by an orc warrior

Skill      XL: |  1  2  3  4  5  6  7  8 |
---------------+-------------------------+-----
Dodging        | 3 |  3.0
Stealth        | 3 4 |  4.3
Conjurations   | 1 2 3 4 |  4.2
Ice Magic      | 4 5 6 |  6.0
Spellcasting   | 3 4 5 |  5.4

Action                   |  1- 3 |  4- 6 |  7- 9 || total
-------------------------+-------+-------+-------++-------
Melee: Unarmed           |     1 |       |       ||     1
       Spear             |    34 |    29 |       ||    63
       Dagger            |       |    40 |    94 ||   134
       Tailslap          |       |       |     3 ||     3
       Short sword       |       |       |    13 ||    13
 Cast: Freeze            |    36 |    68 |    36 ||   140
       Throw Frost       |     1 |    19 |    32 ||    52
       Throw Icicle      |       |       |     5 ||     5
  Use: Scroll            |       |     5 |     1 ||     6
       Potion            |       |       |     2 ||     2
 Stab: Sleeping          |     1 |     3 |     1 ||     5
  Eat: Chunk             |     2 |     9 |     6 ||    17
       Ration            |       |       |     3 ||     3
Armor: Robe              |     8 |    11 |    13 ||    32
Dodge: Dodged            |    35 |    84 |    64 ||   183
